 Dungeon Sprint DCSS version 0.19.1 (webtiles) character file.

1458 Groucho the Covert (level 8, -3/40 (42) HPs)
             Began as a Spriggan Enchanter on Nov 29, 2016.
             Slain by a blink frog (14 damage)
             ... in the Dungeon (Sprint II: "The Violet Keep of Menkaure").
             The game lasted 00:06:22 (1088 turns).

Groucho the Covert (Spriggan Enchanter)             Turns: 1088, Time: 00:06:22

HP:   -3/40 (42)    AC:  4    Str:  5    XL:     8   Next: 47%
MP:   17/23         EV: 25    Int: 18    God:
Gold: 299           SH:  0    Dex: 16    Spells: 5 memorised, 16 levels left

rFire  . . .     SeeInvis +     a - +1 dagger
rCold  . . .     Gourm    .     m - +2 robe {MR+}
rNeg   . . .     Faith    .     (shield restricted)
rPois  .         Spirit   .     (helmet restricted)
rElec  .         Reflect  .     (no cloak)
rCorr  .         Harm     .     (gloves unavailable)
MR     ++...     NoTele   +     (boots unavailable)
Stlth  +++.......               (no amulet)
                                (no ring)
                                (no ring)

@: very quick
A: unfitting armour, see invisible, herbivore 3, speed 3, slow metabolism 2,
subdued magic 1
a: no special abilities


You were in the Dungeon.
You were not hungry.

You visited 1 branch You collected 972 gold pieces.
You spent 673 gold pieces at shops.

Inventory:

Hand Weapons
 a - a +1 dagger (weapon)
Armour
 m - a +2 robe of magic resistance (worn)
Scrolls
 j - a scroll of blinking
Potions
 e - 2 potions of curing
 f - a potion of heal wounds
 g - a potion of haste
 h - 3 potions of invisibility
 i - 4 potions of agility
 k - a potion of degeneration
 l - a potion of flight
Books
 c - a book of Maledictions

   Spells                             Type                      Level
   a - Corona                         Hexes                        1
   b - Ensorcelled Hibernation        Hexes/Ice                    2
   c - Confuse                        Hexes                        3
   d - Tukima's Dance                 Hexes                        3
   e - Dazzling Spray                 Conjuration/Hexes            3
Comestibles
 d - a bread ration


   Skills:
 + Level 4.8 Fighting
 * Level 9.3 Short Blades
 + Level 9.2 Dodging
 * Level 13.4 Stealth
 * Level 10.5 Spellcasting
 * Level 10.7 Hexes


You had 16 spell levels left.
You knew the following spells:

 Your Spells              Type           Power        Failure   Level  Hunger
a - Corona                Hex            #####..      1%          1    None
b - Ensorcelled Hibernat  Hex/Ice        ###...       1%          2    None
c - Confuse               Hex            #####...     1%          3    None
d - Tukima's Dance        Hex            #####...     1%          3    None
e - Dazzling Spray        Conj/Hex       ###...       1%          3    None


Dungeon Overview and Level Annotations

Branches:
Dungeon (1/1)

Altars:

Shops:
D :[[%=:%(}=:[}!?!

Annotations:
D exclusion: oklob plant


Innate Abilities, Weirdness & Mutations

You are very small and have problems with some larger weapons.
You are too small for most types of armour.
You have supernaturally acute eyesight. (SInv)
You are a herbivore.
You cover ground extremely quickly.
You need consume almost no food.
Your spells are a little easier to cast, but a little less powerful.


Message History

Really walk into a travel-excluded area?
There is an open door here.
You enter the shallow water.
Moving in this stuff is going to be slow.
You open the door.
A blink frog comes into view.
The blink frog croaks.
Found a short sword.
You barely miss the blink frog. The blink frog hits you!
You miss the blink frog. The blink frog misses you.
Your unstable footing causes you to fumble your attack.
The blink frog hits you!
* * * LOW HITPOINT WARNING * * *
Casting: Confuse
Confirm with . or Enter, or press ? or * to list all spells.
Aiming: Ensorcelled Hibernation
Press: ? - help, Shift-Dir - straight line, f - blink frog
Aim: a blink frog (chance to defeat MR: 34%)
The blink frog easily resists.
The blink frog hits you!
You die...

##..∩.∩...#≈≈≈≈#..##.# .#
##.⌠.∩....#≈≈######.#### .##
##..∩.∩...#≈##.###'###.##..#
##...∩.∩..#≈#...##.##.#.#..#
##....∩.∩.'≈'##.'.<.'###+..#
##.....∩.∩#≈#...##.##.#.#....
#▓▓▓▓▓▓▓###≈##.###†###.##....
##%YY######≈≈####.#.#### ≈...
#)ZY#h ##@≈≈#..#..# ≈§§≈
#∩PZ+h #F#≈##.#.## §≈§§
#$..#(# #)#≈≈##+## §§≈≈ #$$.
### ≈≈≈ §≈≈ ##+# +++# §


You could see a blink frog.

Vanquished Creatures
  2 tyrant leeches (D)
  2 hippogriffs (D)
  3 neqoxecs (D)
  4 necrophages (D)
11 creatures vanquished.

Vanquished Creatures (others)
  A neqoxec (D)
  Menkaure (D)
  A crocodile (D)
3 creatures vanquished.

Grand Total: 14 creatures vanquished

Notes
Turn   | Place    | Note
-------+----------+-------------------------------------------
     0 | D        | Groucho the Spriggan Enchanter began the quest for the Orb.
     0 | D        | Reached XP level 1. HP: 9/9 MP: 5/5
     1 | D        | Noticed a hippogriff
     1 | D        | Noticed a hippogriff
     7 | D        | Noticed a neqoxec
    11 | D        | Noticed a necrophage
    11 | D        | Noticed a necrophage
    11 | D        | Noticed a necrophage
    11 | D        | Noticed a necrophage
    17 | D        | Killed a necrophage
    17 | D        | Reached skill level 1 in Fighting
    17 | D        | Reached skill level 7 in Stealth
    17 | D        | Reached skill level 5 in Spellcasting
    17 | D        | Reached skill level 5 in Hexes
    17 | D        | Reached XP level 2. HP: 13/13 MP: 6/9
    17 | D        | Reached XP level 3. HP: 17/17 MP: 6/10
    17 | D        | Reached XP level 4. HP: 21/21 MP: 7/12
    23 | D        | Killed a necrophage
    23 | D        | Reached skill level 5 in Short Blades
    23 | D        | Reached skill level 5 in Dodging
    23 | D        | Reached skill level 8 in Stealth
    23 | D        | Reached XP level 5. HP: 25/25 MP: 7/14
    27 | D        | Killed a necrophage
    27 | D        | Reached skill level 9 in Stealth
    45 | D        | Killed a necrophage
    45 | D        | Reached skill level 10 in Stealth
    45 | D        | Reached XP level 6. HP: 12/30 MP: 9/17
   331 | D        | Learned a level 2 spell: Ensorcelled Hibernation
   335 | D        | Learned a level 3 spell: Confuse
   339 | D        | Learned a level 3 spell: Tukima's Dance
   343 | D        | Learned a level 3 spell: Dazzling Spray
   346 | D        | Noticed a tyrant leech
   346 | D        | Noticed a tyrant leech
   363 | D        | Noticed a neqoxec
   366 | D        | Noticed Menkaure
   367 | D        | Killed a neqoxec
   369 | D        | Noticed a neqoxec
   370 | D        | Killed a neqoxec
   370 | D        | Reached skill level 11 in Stealth
   370 | D        | Killed Menkaure
   387 | D        | Gained mutation: Your spells are a little easier to cast, but a little less powerful. [a neqoxec]
   391 | D        | Noticed a neqoxec
   398 | D        | Killed a neqoxec
   398 | D        | Reached XP level 7. HP: 26/35 MP: 7/20
   400 | D        | Killed a neqoxec
   400 | D        | Reached skill level 12 in Stealth
   601 | D        | Killed a hippogriff
   611 | D        | Killed a hippogriff
   611 | D        | Reached skill level 10 in Hexes
   611 | D        | Reached XP level 8. HP: 24/40 MP: 17/22
   943 | D        | Killed a tyrant leech
   943 | D        | Reached skill level 13 in Stealth
   943 | D        | Reached skill level 10 in Spellcasting
   958 | D        | Killed a tyrant leech
   969 | D        | Found Gasias's Gadget Boutique.
   969 | D        | Found Ygar's Antique Weapon Shop.
   969 | D        | Found Buwim's Book Shop.
   969 | D        | Found Ampezoys's Distillery.
   969 | D        | Found Ybiepn's Food Boutique.
   970 | D        | Found Loubboji's Distillery.
   970 | D        | Found Lofidghet's Gadget Boutique.
   970 | D        | Found Winligy's Armour Shop.
   970 | D        | Found Iruhosed's Book Boutique.
   970 | D        | Found Far Vynk's Jewellery Shop.
   970 | D        | Found Keoskem's Food Boutique.
   971 | D        | Found Qeiskor's Antique Armour Shop.
   971 | D        | Found Fotask's Antique Armour Boutique.
   972 | D        | Found Bomeha's Magic Scroll Boutique.
   972 | D        | Found Byru's Jewellery Shop.
   973 | D        | Noticed an oklob plant
   974 | D        | Found Yfall's Book Shoppe.
   986 | D        | Noticed a polar bear
   988 | D        | Noticed a polar bear
  1016 | D        | Bought a potion of invisibility for 80 gold pieces
  1016 | D        | Bought a potion of agility for 40 gold pieces
  1016 | D        | Bought a potion of curing for 30 gold pieces
  1016 | D        | Bought a potion of degeneration for 10 gold pieces
  1016 | D        | Bought a potion of agility for 40 gold pieces
  1016 | D        | Bought 2 potions of agility for 80 gold pieces
  1028 | D        | Bought a potion of flight for 42 gold pieces
  1028 | D        | Bought 2 potions of invisibility for 224 gold pieces
  1057 | D        | Bought an embroidered robe for 127 gold pieces
  1084 | D        | Noticed a blink frog
  1088 | D        | Slain by a blink frog

Skill      XL: |  1  2  3  4  5  6  7  8 |
---------------+-------------------------+-----
Fighting       | 1 2 3 4 |  4.8
Short Blades   | 4 5 6 7 8 9 |  9.3
Dodging        | 4 5 6 7 8 9 |  9.2
Stealth        | 7 8 10 11 12 13 | 13.4
Spellcasting   | 5 6 7 8 9 10 | 10.5
Hexes          | 5 6 8 9 10 | 10.7

Action                   |  1- 3 |  4- 6 |  7- 9 || total
-------------------------+-------+-------+-------++-------
Melee: Dagger            |     5 |    43 |    20 ||    68
 Cast: Confuse           |       |    11 |     7 ||    18
       Ensorcelled Hiber |       |     6 |     3 ||     9
  Use: Potion            |     1 |     2 |       ||     3
 Stab: Confused          |       |     6 |     5 ||    11
       Sleeping          |       |       |     2 ||     2
Armor: Robe              |       |     3 |     1 ||     4
Dodge: Dodged            |     2 |    34 |     9 ||    45
